 Dungeon Crawl Stone Soup version 0.23-a0-607-g760965b (webtiles) character file.

216306 Lavandula the Zephyrmancer (level 19, -5/121 HPs)
             Began as a Halfling Enchanter on Dec 18, 2018.
             Was the Champion of Cheibriados.
             Slain by a white very ugly thing (12 damage)
             ... on level 2 of the Vaults on Dec 20, 2018.
             The game lasted 02:23:19 (17510 turns).

Lavandula the Zephyrmancer (Halfling Enchanter)    Turns: 17510, Time: 02:23:20

Health: -5/121     AC: 13    Str: 24    XL:     19   Next: 24%
Magic:  8/37       EV: 33    Int: 31    God:    Cheibriados [******]
Gold:   1943       SH:  9    Dex: 35    Spells: 6/46 levels left

rFire    + . .     SeeInvis .   h - +2 dagger (venom)
rCold    . . .     Gourm    .   P - +0 buckler
rNeg     . . .     Faith    .   t - +0 troll leather armour
rPois    +         Spirit   .   s - +0 helmet
rElec    .         Reflect  .   v - +1 cloak {rF+}
rCorr    .         Harm     .   T - +2 pair of gloves {Dex+3}
MR       +++..     Rnd*Rage +   F - +0 pair of boots
Stlth    +++++.....             Y - necklace of Bloodlust {*Rage +Rage MR++ Int-3 Slay+6 *Curse} (curse)
HPRegen  0.70/turn              j - ring of poison resistance
MPRegen  0.25/turn              J - +5 ring of evasion

@: very slow
A: small, mutation resistance 1
}: 2/15 runes: decaying, gossamer
a: Bend Time, Temporal Distortion, Slouch, Step From Time, Renounce Religion,
Evoke Berserk Rage


You were on level 2 of the Vaults.
You worshipped Cheibriados.
Cheibriados was exalted by your worship.
You were very hungry.

You visited 6 branches of the dungeon, and saw 33 of its levels.
You also visited: Ice Cave and Volcano.

You collected 2647 gold pieces.
You spent 704 gold pieces at shops.

Inventory:

Hand Weapons
 f - the +1 dagger "Epnosue" {pierce, *Corrode rElec Dex+3}
   (You acquired it on level 10 of the Dungeon)

   It inflicts extra damage upon your enemies.
   It affects your dexterity (+3).
   It insulates you from electricity.
   It may corrode you when you take damage.
 h - a +2 dagger of venom (weapon)
 i - a +2 scimitar of draining
 o - a +2 falchion of electrocution
 H - a +0 blowgun
 N - a +3 dagger of electrocution
Missiles
 Q - 3 curare-tipped needles
 R - a throwing net (quivered)
Armour
 b - a +3 scale mail of fire resistance
 e - +0 fire dragon scales
 s - a +0 helmet (worn)
 t - a +0 troll leather armour (worn)
 v - a +1 cloak of fire resistance (worn)
 C - a +2 robe of cold resistance
 F - a +0 pair of boots (worn)
 G - the +1 scale mail of Waunem {rElec Str-2 Int+7}
   (You found it in an ice cave)

   It affects your strength (-2).
   It affects your intelligence (+7).
   It insulates you from electricity.
 P - a +0 buckler (worn)
 T - a +2 pair of gloves of dexterity (worn)
Jewellery
 j - a ring of poison resistance (left hand)
 m - an uncursed ring of see invisible
 w - an uncursed ring of stealth
 y - an uncursed ring of ice
 E - an uncursed ring of protection from cold
 J - a +5 ring of evasion (right hand)
 X - an uncursed ring of fire
 Y - the cursed necklace of Bloodlust (around neck) {*Rage +Rage MR++ Int-3 Slay+6 *Curse}
   (You found it on level 1 of the Lair of Beasts)

   [amulet of rage]

   It affects your intelligence (-3).
   It affects your accuracy and damage with ranged weapons and melee attacks
   (+6).
   It affects your resistance to hostile enchantments.
   It lets you go berserk.
   It may make you go berserk in combat.
   It curses itself when equipped.
   It has a curse placed upon it.
Wands
 n - a wand of polymorph (7)
 D - a wand of enslavement (13)
 K - a wand of acid (1)
 S - a wand of iceblast (23)
Scrolls
 a - a scroll of fear
 c - 4 scrolls of fog
 l - a scroll of enchant weapon
 u - 6 scrolls of teleportation
 I - 2 scrolls of enchant armour {unknown}
 O - 7 scrolls of remove curse
 U - 2 scrolls of immolation
 V - a scroll of holy word {unknown}
Potions
 g - 5 potions of curing
 k - a potion of agility
 p - a potion of magic {unknown}
 q - 2 potions of invisibility
 r - 2 potions of brilliance
 x - 4 potions of resistance
 z - a potion of might
 A - 3 potions of flight
 B - 3 potions of heal wounds
 M - 3 potions of mutation {unknown}
 W - 2 potions of lignification
 Z - 2 potions of ambrosia
Comestibles
 d - 21 rations


   Skills:
 - Level 8.2 Fighting
 - Level 11.3 Short Blades
 - Level 7.0 Armour
 - Level 10.1 Dodging
 - Level 8.0 Stealth
 - Level 5.6 Shields
 - Level 14.0 Spellcasting
 - Level 6.0 Conjurations
 - Level 2.4 Hexes
 - Level 5.3 Necromancy
 - Level 4.4 Ice Magic
 + Level 14.5 Air Magic
 - Level 7.2 Poison Magic
 - Level 8.3 Invocations


You had 6 spell levels left.
You knew the following spells:

 Your Spells              Type           Power        Failure   Level  Hunger
a - Song of Slaying       Chrm           ###.....     3%          2    None
b - Ensorcelled Hibernat  Hex/Ice        #####.       1%          2    None
c - Dazzling Spray        Conj/Hex       #####.       1%          3    None
d - Confuse               Hex            #####...     2%          3    None
e - Olgreb's Toxic Radia  Pois           ######..     1%          4    None
f - Animate Skeleton      Necr           N/A          1%          1    None
g - Mephitic Cloud        Conj/Pois/Air  ######..     1%          3    None
h - Regeneration          Chrm/Necr      #####.....   2%          3    None
i - Animate Dead          Necr           N/A          2%          4    None
j - Ozocubu's Armour      Chrm/Ice       #####...     3%          3    None
k - Freezing Cloud        Conj/Ice/Air   ######....   12%         6    ###....
l - Shroud of Golubria    Chrm/Tloc      ###.......   3%          2    None
m - Airstrike             Air            #######...   1%          4    None

Your spell library contained the following spells:

 Spells                   Type           Power        Failure   Level  Hunger
 Confusing Touch          Hex            #####.       1%          1    None
 Corona                   Hex            #####..      1%          1    None
 Freeze                   Ice            ####         1%          1    None
 Pain                     Necr           ####         1%          1    None
 Shock                    Conj/Air       ####         1%          1    None
 Sting                    Conj/Pois      ####         1%          1    None
 Poisonous Vapours        Pois/Air       ######       1%          2    None
 Swiftness                Chrm/Air       ######..     1%          2    None
 Throw Frost              Conj/Ice       ######       1%          2    None
 Static Discharge         Conj/Air       ######..     1%          3    None
 Vampiric Draining        Necr           ######....   1%          3    None
 Lightning Bolt           Conj/Air       ######....   1%          5    None
 Infusion                 Chrm           ###.         2%          1    None
 Tukima's Dance           Hex            #####...     2%          3    None
 Throw Icicle             Conj/Ice       ######..     2%          4    None
 Spectral Weapon          Hex/Chrm       ####....     4%          3    None
 Venom Bolt               Conj/Pois      ######....   4%          5    None
 Gell's Gravitas          Tloc           ###.......   7%          3    None
 Ice Form                 Ice/Tmut       #####...     10%         4    None
 Summon Ice Beast         Ice/Summ       #####...     10%         4    None
 Metabolic Englaciation   Hex/Ice        #####.....   17%         5    None
 Petrify                  Tmut/Erth      ###.....     24%         4    None
 Yara's Violent Unravell  Hex/Tmut       ####......   38%         5    None
 Bolt of Cold             Conj/Ice       ######....   41%         6    ###....
 Simulacrum               Ice/Necr       ######....   45%         6    ###....
 Ozocubu's Refrigeration  Ice            #####.....   52%         6    ###....
 Tornado                  Air            #######...   99%         9    #######
 Ignition                 Fire           ###.......   100%        8    ######.
 Shatter                  Erth           ###.......   100%        9    #######


Dungeon Overview and Level Annotations

Branches:
Dungeon (15/15)              Lair (6/6) D:9           Swamp (4/4) Lair:4
 Spider (4/4) Lair:3          Orc (2/2) D:9             Elf (0/3) Orc:2
 Vaults (2/5) D:13         Depths (0/5) D:15
 Temple: D:4-7        Slime: Lair:5-6     Crypt: Vaults:2-3

Altars:
Cheibriados
Ru
Xom
Beogh

Shops:
D:5 =   D:15 :*   Orc:2 =([}

Annotations:
D:1 Robin
D:5 Eustachio
D:14 exclusion: orange crystal statue
Lair:2 exclusion: oklob plant
Spider:3 2 runed doors, Oferehae's ghost, journeyman DgEE


Innate Abilities, Weirdness & Mutations

You are small and have problems with some larger weapons.
You are somewhat resistant to further mutation.


Message History

Okay, then.
As you read the scroll of fear, it crumbles to dust.
You assume a fearsome visage.
The ogre looks frightened!
The yaktaur captain easily resists.
The yaktaur looks frightened! x2
The yaktaur shouts!
The white very ugly thing looks frightened! x2
The stone giant looks frightened!
The brown ugly thing looks frightened!
Your attack snaps the ogre out of its fear.
Your attack snaps the yaktaur out of its fear. x2
The yaktaur is poisoned.
Your attack snaps the white very ugly thing out of its fear.
The white very ugly thing looks as sick as possible!
Your attack snaps the white very ugly thing out of its fear.
Your attack snaps the stone giant out of its fear.
Your attack snaps the brown ugly thing out of its fear.
The brown ugly thing looks as sick as possible!
Your toxic aura wanes.
The yaktaur captain looks more healthy.
The white very ugly thing tail-slaps you!
You die...

#.)# #..# #..#
#..# #
#..######### ..
#..+..#.(..#.
#..#.#..#.['....'.
#..'cc#.('....'.
c....#cCu@.#....#.
### #uu#########
.....u))#
....uW)u#
.......u#
p....)..#
......W.#
####....# #...u'


You could see 3 very ugly things, a stone giant, a yaktaur captain, 2 ugly
things, 2 yaktaurs and a freezing wraith.

Vanquished Creatures
  the Lernaean hydra (Swamp:4)
  A thorn hunter (Swamp:4)
  Kirke (Swamp:4)
  3 ghost moths
  2 vault wardens
  2 emperor scorpions (Spider:4)
  An orc warlord (Orc:2)
  A stone giant (Orc:1)
  4 entropy weavers
  2 spark wasps (Spider:4)
  2 fire dragons (Vaults:1)
  2 yaktaur captains
  A great orb of eyes (Vaults:2)
  Fannar (D:10)
  3 vault guards
  A rakshasa (Vaults:2)
  A catoblepas (Lair:6)
  13 hydras
  A death knight (Vaults:1)
  2 centaur warriors (Vaults:1)
  7 alligators
  10 two-headed ogres
  11 death yaks (Lair:6)
  4 ogre magi
  Urug (Lair:2)
  2 tengu warriors
  An orc high priest (Orc:2)
  2 deep elf knights (Vaults:1)
  A hell knight (Volcano)
  2 flayed ghosts
  2 wizards (Vaults:1)
  Pikel (D:4)
  5 swamp dragons (Swamp:4)
  A deep elf archer (Vaults:1)
  3 ironbrand convokers
  A phantasmal warrior (Vaults:1)
  5 orc knights
  2 harpies (Vaults:1)
  2 necromancers
  10 orb spiders
  3 deep elf magi
  A stone giant zombie (D:15)
  5 orc sorcerers (Orc:2)
  12 ugly things
  4 moths of wrath (Spider:4)
  36 wolf spiders
  9 elephants (Lair:6)
  4 manticores
  4 cyclopes
  A guardian serpent (Lair:6)
  An elf zombie (D:15)
  3 vault sentinels
  A guardian serpent (shapeshifter) (D:15)
  Psyche (D:12)
  3 centaur zombies
  An ice statue (IceCv)
  11 spiny frogs
  A torpor snail (Spider:1)
  8 black mambas
  4 rime drakes
  2 gargoyles (D:15)
  21 yaktaurs
  4 orange demons (D:15)
  3 komodo dragons
  2 kobold demonologists (D:15)
  12 freezing wraiths
  A komodo dragon (shapeshifter) (D:14)
  6 demonic crawlers
  A guardian mummy (D:15)
  12 trolls
  A tengu conjurer (D:15)
  2 red devils (D:15)
  A queen bee (D:8)
  17 jumping spiders
  4 polar bears
  3 tyrant leeches
  Grinder (D:6)
  A harpy skeleton (D:15)
  A polar bear (shapeshifter) (D:13)
  20 slime creatures
  7 hornets
  A raiju (shapeshifter) (Vaults:1)
  2 bog bodies
  14 blink frogs
  10 hippogriffs
  A spriggan (Swamp:4)
  Sigmund (D:4)
  3 wraiths
  2 shadows
  57 redbacks
  12 tarantellas
  8 wyverns
  4 hogs (Swamp:4)
  2 basilisks (Lair:6)
  12 vampire mosquitoes
  22 yaks
  A steam dragon (Lair:4)
  3 hungry ghosts
  Menkaure (D:5)
  2 acid dragons
  A two-headed ogre zombie (D:9)
  5 wargs
  7 swamp worms
  18 water moccasins
  10 porcupines
  29 orc warriors
  3 black bears
  An alligator simulacrum (IceCv)
  6 ice beasts (IceCv)
  4 swamp drakes (Swamp:4)
  4 eyes of draining
  5 phantoms
  An ogre (shapeshifter) (D:14)
  7 wolves
  3 boggarts (D:15)
  13 ogres
  6 centaurs
  12 crocodiles
  Blork the orc (D:6)
  5 big kobolds
  A gnoll sergeant (D:13)
  10 bullfrogs
  A troll zombie (D:9)
  7 scorpions
  17 killer bees
  An elephant simulacrum (IceCv)
  A wight (D:8)
  3 electric eels (Lair:4)
  4 howler monkeys
  9 crimson imps
  5 draconian simulacra (IceCv)
  A bullfrog zombie (D:11)
  5 jellies
  23 orc priests
  Crazy Yiuf (D:4)
  5 hounds
  6 centaur skeletons
  29 orc wizards
  7 worker ants
  Natasha (D:4)
  4 iguanas
  A troll simulacrum (IceCv)
  7 hell rats (Lair:3)
  4 polar bear simulacra
  4 spriggan simulacra (IceCv)
  2 yak simulacra (Lair:3)
  5 wolf simulacra
  3 centaur simulacra (IceCv)
  2 ogre zombies (D:9)
  2 hound zombies (D:6)
  2 worker ant zombies (D:4)
  5 gnolls
  3 ogre simulacra (IceCv)
  10 adders
  4 naga simulacra (IceCv)
  3 shadow imps
  12 white imps (IceCv)
  A worm (D:2)
  A dart slug (D:1)
  4 leopard geckos
  92 orcs
  2 giant cockroaches
  6 hobgoblins
  9 jackals
  19 kobolds
  2 quokkas
  A ball python (D:6)
  3 bats
  2 frilled lizards (D:2)
  8 goblins
  A goblin skeleton (D:9)
  2 goblin zombies (D:9)
  A hobgoblin skeleton (D:9)
  4 hobgoblin zombies (D:9)
  A leopard gecko skeleton (D:6)
  An orc skeleton (D:9)
  11 orc zombies (D:9)
  2 quokka zombies
  8 rats
  2 river rat simulacra (Lair:3)
  A fungus (Lair:6)
1046 creatures vanquished.

Vanquished Creatures (collateral kills)
  Arachne (Spider:4)
  A thorn hunter (Swamp:4)
  A spark wasp (Spider:4)
  A hydra (Swamp:4)
  A swamp dragon (Swamp:4)
  3 harpies (Vaults:1)
  3 orc knights (Vaults:1)
  2 orb spiders (Spider:4)
  A deep elf mage (Vaults:1)
  2 wolf spiders (Spider:4)
  A torpor snail (Spider:4)
  A komodo dragon (shapeshifter) (Vaults:1)
  A jumping spider (Spider:4)
  A hornet (Spider:4)
  3 slime creatures
  3 tarantellas
  10 redbacks
  3 hogs (Swamp:4)
  2 orc warriors
  4 swamp drakes (Swamp:4)
45 creatures vanquished.

Vanquished Creatures (others)
  A spiny frog (Swamp:4)
  3 briar patches (Swamp:4)
  9 fungi
  27 plants
40 creatures vanquished.

Grand Total: 1131 creatures vanquished

Notes
Turn   | Place    | Note
-------+----------+-------------------------------------------
     0 | D:1      | Lavandula the Halfling Enchanter began the quest for the
                  | Orb.
     0 | D:1      | Reached XP level 1. HP: 11/11 MP: 3/3
   266 | D:1      | Reached XP level 2. HP: 16/17 MP: 4/4
   479 | D:2      | Noticed Robin
   608 | D:1      | Learned a level 2 spell: Ensorcelled Hibernation
   764 | D:1      | Reached XP level 3. HP: 16/21 MP: 5/5
   973 | D:3      | Found a shimmering altar of Xom.
  1006 | D:3      | Found a sacrificial altar of Ru.
  1082 | D:3      | Reached XP level 4. HP: 18/27 MP: 6/6
  1186 | D:4      | Noticed a bullfrog
  1205 | D:3      | Killed a bullfrog
  1205 | D:3      | Reached skill level 5 in Short Blades
  1205 | D:3      | Reached XP level 5. HP: 13/31 MP: 1/7
  1635 | D:4      | Reached XP level 6. HP: 36/36 MP: 1/8
  1642 | D:5      | Entered Level 5 of the Dungeon
  1650 | D:5      | Noticed Eustachio
  1782 | D:4      | Noticed Sigmund
  1972 | D:4      | Killed Sigmund
  1972 | D:4      | Reached XP level 7. HP: 32/41 MP: 9/9
  2012 | D:4      | Found a runed door.
  2053 | D:4      | Learned a level 3 spell: Dazzling Spray
  2117 | D:4      | Noticed Crazy Yiuf
  2135 | D:4      | Killed Crazy Yiuf
  2224 | D:4      | Noticed Natasha
  2419 | D:4      | Noticed Pikel
  2560 | D:4      | Learned a level 3 spell: Confuse
  2779 | D:4      | Killed Pikel
  2779 | D:4      | Reached XP level 8. HP: 21/46 MP: 10/10
  2846 | D:4      | Killed Natasha
  2863 | D:5      | Found Duhif's Jewellery Boutique.
  3297 | D:5      | Noticed Menkaure
  3300 | D:5      | Killed Menkaure
  3300 | D:5      | Reached XP level 9. HP: 57/57 MP: 11/11
  3442 | D:6      | Noticed Blork the orc
  3456 | D:6      | Killed Blork the orc
  3591 | D:6      | Learned a level 4 spell: Olgreb's Toxic Radiance
  3639 | D:6      | Noticed Grinder
  3643 | D:6      | Killed Grinder
  3667 | D:6      | Found a snail-covered altar of Cheibriados.
  3674 | D:6      | Became a worshipper of Cheibriados the Contemplative
  4066 | D:5      | Bought an uncursed ring of poison resistance for 260 gold
                  | pieces
  4181 | D:8      | Reached skill level 5 in Poison Magic
  4184 | D:8      | Learned a level 1 spell: Animate Skeleton
  4491 | D:8      | Reached * piety under Cheibriados
  4521 | D:8      | Reached XP level 10. HP: 36/63 MP: 2/16
  4532 | D:8      | Learned a level 3 spell: Mephitic Cloud
  4536 | D:8      | Noticed a two-headed ogre
  4625 | D:8      | Killed a two-headed ogre
  4776 | D:9      | Found a staircase to the Orcish Mines.
  4806 | D:9      | Reached skill level 5 in Dodging
  4834 | D:8      | Reached ** piety under Cheibriados
  5323 | D:10     | Entered Level 10 of the Dungeon
  5325 | D:10     | Reached XP level 11. HP: 68/68 MP: 17/17
  5416 | D:11     | Reached *** piety under Cheibriados
  5523 | D:10     | Noticed Fannar
  5606 | D:10     | Killed Fannar
  5606 | D:10     | Reached skill level 5 in Fighting
  5701 | D:10     | Identified a scroll of acquirement
  5725 | D:10     | Got a scorched dagger
  5726 | D:10     | Identified the +1 dagger "Epnosue" {pierce, *Corrode rElec
                  | Dex+3} (You acquired it on level 10 of the Dungeon)
  5811 | D:11     | Noticed a manticore
  5823 | D:11     | Killed a manticore
  5823 | D:11     | Reached skill level 5 in Spellcasting
  5835 | D:11     | Learned a level 3 spell: Regeneration
  5899 | D:12     | Noticed a two-headed ogre
  5913 | D:12     | Killed a two-headed ogre
  5913 | D:12     | Reached **** piety under Cheibriados
  6036 | D:13     | Noticed a two-headed ogre
  6084 | D:12     | Noticed Psyche
  6088 | D:12     | Noticed a two-headed ogre
  6089 | D:12     | Noticed a brown ugly thing
  6093 | D:12     | Reached skill level 1 in Invocations
  6093 | D:12     | Killed Psyche
  6097 | D:12     | Reached skill level 5 in Invocations
  6101 | D:12     | Killed a brown ugly thing
  6101 | D:12     | Reached XP level 12. HP: 56/77 MP: 6/21
  6102 | D:12     | Killed a two-headed ogre
  6366 | D:13     | Noticed a two-headed ogre
  6384 | D:13     | Killed a two-headed ogre
  6543 | D:14     | Learned a level 4 spell: Animate Dead
  6630 | D:14     | Reached skill level 1 in Necromancy
  6686 | D:14     | Reached ***** piety under Cheibriados
  6885 | D:15     | Entered Level 15 of the Dungeon
  6885 | D:15     | Found Oxzal's General Store.
  6897 | D:15     | Bought a scroll of identify for 24 gold pieces
  7025 | D:15     | Found a staircase to the Depths.
  7025 | D:15     | Noticed a flayed ghost
  7042 | D:15     | Killed a flayed ghost
  7092 | D:15     | Found Fierchea's Book Boutique.
  7102 | D:15     | Reached skill level 5 in Necromancy
  7112 | D:15     | Reached XP level 13. HP: 82/82 MP: 8/23
  7554 | D:15     | Reached skill level 1 in Shields
  7695 | D:14     | Reached skill level 5 in Shields
  7841 | D:9      | Found a staircase to the Lair.
  8020 | Orc:1    | Entered Level 1 of the Orcish Mines
  8067 | Orc:1    | Found a frozen archway.
  8100 | IceCv    | Entered an ice cave
  8297 | IceCv    | Learned a level 3 spell: Ozocubu's Armour
  8379 | IceCv    | Got a scorched scale mail
  8551 | IceCv    | Found an ancient bone altar of Kikubaaqudgha.
  8553 | IceCv    | Reached ****** piety under Cheibriados
  8666 | IceCv    | Reached XP level 14. HP: 94/94 MP: 17/26
  8690 | IceCv    | Reached skill level 10 in Dodging
  8868 | Orc:2    | Entered Level 2 of the Orcish Mines
  8868 | Orc:2    | Noticed a stone giant
  8884 | Orc:1    | Killed a stone giant
  9027 | Orc:2    | Found a roughly hewn altar of Beogh.
  9050 | Orc:2    | Found Pumyji's Jewellery Boutique.
  9131 | Orc:2    | Found a roughly hewn altar of Beogh.
  9178 | Orc:2    | Found a staircase to the Elven Halls.
  9215 | Orc:2    | Found a roughly hewn altar of Beogh.
  9230 | Orc:2    | Found a roughly hewn altar of Beogh.
  9236 | Orc:2    | Found Kuti's Gadget Emporium.
  9350 | Orc:2    | Found a roughly hewn altar of Beogh.
  9377 | Orc:2    | Found a roughly hewn altar of Beogh.
  9440 | Orc:2    | Noticed an orc warlord
  9448 | Orc:2    | Killed an orc warlord
  9494 | Orc:2    | Reached skill level 10 in Spellcasting
  9535 | Orc:2    | Found Wamnail's Antique Weapon Shop.
  9536 | Orc:2    | Found a roughly hewn altar of Beogh.
  9539 | Orc:2    | Found Lisiuxkoudd's Antique Armour Boutique.
  9826 | Orc:2    | Identified the cursed +1 scale mail of Waunem {rElec Str-2
                  | Int+7} (You found it in an ice cave)
  9888 | Orc:2    | Bought a runed scale mail for 196 gold pieces
 10134 | Orc:1    | You fall through a shaft!
 10279 | Orc:2    | Bought a glowing scimitar for 224 gold pieces
 10287 | Orc:2    | Learned a level 6 spell: Freezing Cloud
 10389 | Lair:1   | Entered Level 1 of the Lair of Beasts
 10461 | Lair:1   | Found a dark tunnel.
 10483 | Volcano  | Entered a volcano
 10506 | Volcano  | Reached skill level 1 in Air Magic
 10579 | Volcano  | Reached skill level 1 in Armour
 10709 | Lair:1   | Found the cursed necklace of Bloodlust {*Rage +Rage MR++
                  | Int-3 Slay+6 *Curse}
 10880 | Lair:2   | Noticed Urug
 10881 | Lair:2   | Reached skill level 5 in Armour
 10900 | Lair:2   | Killed Urug
 11205 | Lair:3   | Reached XP level 15. HP: 99/99 MP: 29/29
 11614 | Lair:6   | Entered Level 6 of the Lair of Beasts
 11650 | Lair:6   | Reached skill level 5 in Air Magic
 11771 | Lair:6   | Got a scorched scale mail
 11785 | Lair:6   | Identified the +4 scale mail of Mysticism {+Fly} (You found
                  | it on level 6 of the Lair of Beasts)
 12457 | Lair:6   | Reached skill level 1 in Ice Magic
 12676 | Lair:6   | Reached XP level 16. HP: 69/105 MP: 13/30
 12800 | Lair:6   | Reached skill level 1 in Conjurations
 12989 | Lair:3   | Found a hole to the Spider Nest.
 13008 | Spider:1 | Entered Level 1 of the Spider Nest
 13122 | Spider:1 | Reached skill level 5 in Conjurations
 13189 | Spider:1 | Reached skill level 10 in Air Magic
 13316 | Spider:3 | Found a large runed door.
 13316 | Spider:3 | Found a large runed door.
 13325 | Spider:3 | Noticed Oferehae's ghost (journeyman DgEE)
 13556 | Spider:4 | Entered Level 4 of the Spider Nest
 13593 | Spider:4 | Learned a level 2 spell: Shroud of Golubria
 13616 | Spider:4 | Reached skill level 5 in Stealth
 13853 | Spider:4 | Noticed Arachne
 13858 | Spider:4 | Reached XP level 17. HP: 109/109 MP: 17/31
 13886 | Spider:4 | Killed Arachne
 14083 | Spider:4 | Got a gossamer rune of Zot
 15010 | Lair:4   | Found a staircase to the Swamp.
 15020 | Swamp:1  | Entered Level 1 of the Swamp
 15289 | Swamp:4  | Entered Level 4 of the Swamp
 15532 | Swamp:4  | Noticed a thorn hunter
 15563 | Swamp:4  | Killed a thorn hunter
 15604 | Swamp:4  | Noticed Kirke
 15674 | Swamp:4  | Killed Kirke
 15676 | Swamp:4  | Noticed a thorn hunter
 15688 | Swamp:4  | Killed a thorn hunter
 15763 | Swamp:4  | Reached XP level 18. HP: 116/116 MP: 19/32
 15877 | Swamp:4  | Noticed the 27-headed Lernaean hydra
 15888 | Swamp:4  | Killed the 27-headed Lernaean hydra
 15973 | Swamp:4  | Got a decaying rune of Zot
 16067 | Swamp:4  | Learned a level 2 spell: Song of Slaying
 16475 | D:13     | Found a gate to the Vaults.
 16482 | Vaults:1 | Entered Level 1 of the Vaults
 16597 | Vaults:1 | Learned a level 4 spell: Airstrike
 16830 | Vaults:1 | Upgraded the game from 0.23-a0-586-gacb4b3f to
                  | 0.23-a0-607-g760965b
 17185 | Vaults:1 | Reached XP level 19. HP: 78/121 MP: 14/36
 17509 | Vaults:2 | HP: 6/121 [white very ugly thing (24)]
 17510 | Vaults:2 | Slain by a white very ugly thing

Vault maps used:
D:1:      minmay_arrival_nine_rooms
D:2:      roderic_filled_cross, uniq_robin, uniq_jessica
D:3:      hangedman_ru_absence, lemuel_round_altar,
          lemuel_coloured_pillars_altar, serial_glass, glass_columns_a,
          glass_columns_a, glass_columns_a, glass_columns_a, item_on_display_b,
          item_on_display_a, minmay_strange_pillars, first_ration,
          minmay_statues_item, minmay_circle_x
D:4:      minivault_14, sigmund_army, uniq_natasha, uniq_crazy_yiuf_cottage,
          uniq_pikel
D:5:      temple_fountains, serial_shops, shop, nrook_campfire, uniq_menkaure,
          uniq_eustachio
D:6:      lemuel_round_altar, uniq_blork_the_orc, uniq_grinder
D:7:      wander_river, uniq_duvessa
D:8:      kennysheep_blocky_room, minmay_liquid_box, minmay_misc_feat_tiny,
          chequers_serial_rivers_small_3, david_nohive_1
D:9:      due_lair_maze_entry_diamond, zombieorc2_lemuel, serial_shops,
          kennysheep_mini_moat, serial_column_ruins, column_ruins_grid_1,
          column_ruins_grid_1, column_ruins_grid_1, column_ruins_grid_3,
          column_ruins_open_tiny, kennysheep_generic_room_14
D:10:     uniq_fannar
D:11:     solitary_fountain
D:12:     serial_shops, shop_coins, hangedman_decor_opposing, uniq_psyche
D:13:     lightli_vaults_fourway_checkpoint
D:14:     grunt_ministairs_5, minmay_misc_feat_pillars, minmay_protected_statue
D:15:     gammafunk_depths_entry_grave, serial_shops, shop, shop, shop,
          nicolae_shop_trees, grunt_ministairs_2, minmay_beelzebubs_servants
Lair:1:   cheibrodos_lair_river_kwai, nicolae_volcano_entry_hallway
Lair:2:   chequers_serial_rivers_large_a, nicolae_quartered_pool_little,
          beast_lair_carwin_2, minmay_lair_oklob_chamber, uniq_urug
Lair:3:   wad_woods_structure_01, spider_nest_entry_a, serial_rivers,
          chequers_serial_rivers_small_b, chequers_serial_rivers_large_b,
          chequers_serial_rivers_micro_e, chequers_serial_rivers_micro_d,
          chequers_serial_rivers_micro_d, eino_house_with_fridge
Lair:4:   nicolae_swamp_entry_splash_gauntlet, guppyfry_lair_drakes,
          serial_bayou_shore_a, grunt_megastairs_2
Lair:5:   slime_altar_2
Lair:6:   hangedman_lair_tendril_chambers
Swamp:1:  hangedman_swamp_pad
Swamp:2:  evilmike_swamp_ruin_house_3, uniq_nikola
Swamp:3:  nicolae_swamp_very_dense_foliage, hangedman_swamp_wriggling
Swamp:4:  swamp_old_school, swamp_pool2, nicolae_swamp_rocky_clearing,
          uniq_kirke
Spider:1: nicolae_looking_at_the_future
Spider:3: ebering_ghost_disaster_area
Spider:4: johnstein_spider_rune_arachne_lair, zaba_anthell
Orc:1:    portal_ice_cave_entry_animals_and_master, nicolae_orc_flooded_monolith
Orc:2:    grunt_orc_community_town_hall, grunt_orc_community_big_house_1,
          grunt_orc_community_big_house_2, grunt_orc_community_house_2,
          grunt_orc_community_house_1, grunt_orc_community_house_2,
          grunt_orc_community_house_3, grunt_orc_community_house_2, basic_altar
Vaults:1: ebering_vaults_ghost_inner_flame, nicolae_vaults_disjoint_gnomons,
          st_diamondy, hangedman_vaults_river_flow,
          vaults_room_grunt_arrival_ludios, v_misc_4,
          nicolae_vaults_three_branches, ontoclasm_vaults_twist,
          nicolae_vaults_alarming
Vaults:2: vaults_dpeg_doors, ontoclasm_vaults_tryst, vaults_room_door_hall,
          minmay_crypt_entry_simple_walls, vaults_room_large_hall,
          dpeg_vaults_monster_box, nicolae_vaults_sealed_display,
          ontoclasm_vaults_chip, hangedman_vaults_capsules,
          vaults_dpeg_encased_lava, uniq_jory
IceCv:    ice_cave_small_necro
Volcano:  volcano_pools

Skill      XL: |  1  2  3  4  5  6  7  8  9 10 11 12 13 14 15 16 17 18 19 |
---------------+----------------------------------------------------------+-----
Short Blades   | 2 3 4 5 6 8 11 | 11.3
Fighting       | 3 5 8 |  8.2
Spellcasting   | 4 6 7 8 10 13 14 | 14.0
Poison Magic   | 5 7 |  7.2
Dodging        | 8 9 10 | 10.1
Invocations    | 5 8 |  8.3
Necromancy     | 5 |  5.3
Shields        | 5 |  5.6
Air Magic      | 1 9 11 14 | 14.5
Armour         | 6 7 |  7.0
Ice Magic      | 4 |  4.4
Conjurations   | 6 |  6.0
Stealth        | 8 |  8.0
Hexes          | |  2.4

Action                   |  1- 3 |  4- 6 |  7- 9 | 10-12 | 13-15 | 16-18 | 19-21 || total
-------------------------+-------+-------+-------+-------+-------+-------+-------++-------
Melee: Dagger            |    89 |    94 |   419 |   476 |  1196 |   899 |   110 ||  3283
       Scimitar          |       |       |       |       |     5 |    81 |       ||    86
       Unarmed           |       |       |       |       |       |     9 |       ||     9
 Cast: Corona            |     7 |     1 |     2 |       |       |       |       ||    10
       Ensorcelled Hiber |     1 |     5 |    15 |    22 |     7 |    22 |     5 ||    77
       Dazzling Spray    |       |       |     2 |     4 |    18 |    13 |     4 ||    41
       Confuse           |       |       |    10 |    14 |     8 |     1 |       ||    33
       Olgreb's Toxic Ra |       |       |       |    35 |   106 |    90 |     9 ||   240
       Mephitic Cloud    |       |       |       |    14 |    15 |    15 |     4 ||    48
       Regeneration      |       |       |       |     1 |    25 |    31 |     3 ||    60
       Ozocubu's Armour  |       |       |       |       |     2 |       |       ||     2
       Animate Dead      |       |       |       |       |     2 |    20 |     2 ||    24
       Freezing Cloud    |       |       |       |       |       |    11 |       ||    11
       Shroud of Golubri |       |       |       |       |       |     4 |       ||     4
       Song of Slaying   |       |       |       |       |       |     3 |       ||     3
       Airstrike         |       |       |       |       |       |     1 |       ||     1
Invok: Slouch            |       |       |       |     2 |     4 |    10 |       ||    16
       Temporal Distorti |       |       |       |       |     3 |       |     1 ||     4
       Step From Time    |       |       |       |       |     1 |       |       ||     1
Evoke: Wand              |       |     5 |    10 |     5 |    12 |     8 |       ||    40
  Use: Scroll            |       |     4 |     4 |     6 |    15 |     9 |     3 ||    41
       Potion            |       |     1 |     1 |     4 |       |     1 |     2 ||     9
 Stab: Sleeping          |     7 |     2 |    10 |    20 |    17 |    26 |     3 ||    85
       Confused          |       |       |     2 |    19 |    18 |    21 |    10 ||    70
       Invisible         |       |       |       |     1 |    11 |     6 |     3 ||    21
       Distracted        |       |       |       |       |     3 |     8 |       ||    11
  Eat: Chunk             |     1 |     3 |     7 |    12 |     8 |    14 |       ||    45
       Ration            |       |       |     1 |       |     2 |       |       ||     3
Armor: Robe              |     5 |    14 |    59 |    28 |       |       |       ||   106
       Troll leather arm |       |       |       |    30 |    52 |    29 |    10 ||   121
       Scale mail        |       |       |       |       |    89 |   185 |       ||   274
       Skin              |       |       |       |       |       |     4 |       ||     4
Dodge: Dodged            |    55 |    48 |   168 |   301 |  1010 |  1262 |    60 ||  2904
Block: Buckler           |       |       |       |       |   472 |   549 |    37 ||  1058
       Rpst.: Scimitar   |       |       |       |       |     8 |    35 |       ||    43

Table legend:
 A = Non-vault XP
 B = Vault XP
 C = Vault XP percentage of total XP
 D = Non-vault monster count
 E = Vault monster count
 F = Vault count percentage of total count
                 A         B        C        D         E       F
            +---------+---------+-------+---------+---------+-------
      Total |  157541 |  125726 |  44.4 |     637 |     454 |  41.6
            +---------+---------+-------+---------+---------+-------
        D:1 |      24 |       2 |   7.7 |      13 |       1 |   7.1
        D:2 |      31 |       0 |   0.0 |      11 |       0 |   0.0
        D:3 |     122 |      21 |  14.7 |      10 |       6 |  37.5
        D:4 |     322 |    1039 |  76.3 |      21 |       8 |  27.6
        D:5 |     402 |     165 |  29.1 |      10 |       1 |   9.1
        D:6 |     369 |     385 |  51.1 |      11 |       2 |  15.4
        D:7 |      83 |       0 |   0.0 |       5 |       0 |   0.0
        D:8 |    1913 |    1942 |  50.4 |      22 |      22 |  50.0
        D:9 |     547 |    1627 |  74.8 |       6 |      36 |  85.7
       D:10 |    1163 |    1017 |  46.7 |      19 |       1 |   5.0
       D:11 |    1794 |       0 |   0.0 |      17 |       0 |   0.0
       D:12 |    6763 |     469 |   6.5 |      39 |       1 |   2.5
       D:13 |    4362 |    6100 |  58.3 |      30 |      13 |  30.2
       D:14 |    2347 |     405 |  14.7 |      22 |       3 |  12.0
       D:15 |    6992 |    6101 |  46.6 |      24 |      13 |  35.1
     Lair:1 |    1018 |       0 |   0.0 |       4 |       0 |   0.0
     Lair:2 |    2647 |     855 |  24.4 |       8 |       1 |  11.1
     Lair:3 |    2670 |    3695 |  58.1 |      16 |      22 |  57.9
     Lair:4 |    5081 |    2676 |  34.5 |      16 |      14 |  46.7
     Lair:5 |    3812 |       0 |   0.0 |      14 |       0 |   0.0
     Lair:6 |   21801 |    9733 |  30.9 |      48 |      36 |  42.9
    Swamp:1 |    1621 |       0 |   0.0 |       5 |       0 |   0.0
    Swamp:2 |    1554 |       0 |   0.0 |       4 |       0 |   0.0
    Swamp:3 |     297 |       0 |   0.0 |       1 |       0 |   0.0
    Swamp:4 |   13518 |   16895 |  55.6 |      28 |      29 |  50.9
   Spider:1 |   16655 |       0 |   0.0 |      41 |       0 |   0.0
   Spider:2 |     587 |       0 |   0.0 |       2 |       0 |   0.0
   Spider:3 |    8808 |       0 |   0.0 |      22 |       0 |   0.0
   Spider:4 |   12917 |   28583 |  68.9 |      37 |      63 |  63.0
      Orc:1 |    3069 |    1890 |  38.1 |      24 |       8 |  25.0
      Orc:2 |    2471 |    9689 |  79.7 |      40 |      75 |  65.2
   Vaults:1 |   27174 |   14353 |  34.6 |      56 |      29 |  34.1
   Vaults:2 |    4607 |    7664 |  62.5 |      11 |      11 |  50.0
      IceCv |       0 |    6323 | 100.0 |       0 |      54 | 100.0
    Volcano |       0 |    4097 | 100.0 |       0 |       5 | 100.0
            +---------+---------+-------+---------+---------+-------
